 Dungeon Crawl Stone Soup version 0.31-a0-1576-ga3383bade6 (webtiles) character file.

Game seed: 11321006627534842074

1533 wildpjah the Ducker (level 8, -1/61 HPs)
             Began as a Merfolk Gladiator on Jan 4, 2024.
             Was a Follower of Dithmenos.
             Killed from afar by an orc wizard (10 damage)
             ... with a puff of flame
             ... on level 6 of the Dungeon.
             The game lasted 00:08:50 (4053 turns).

wildpjah the Ducker (Merfolk Gladiator)             Turns: 4053, Time: 00:08:51

Health: -1/61      AC:  3    Str: 14    XL:     8   Next: 85%
Magic:  8/8        EV: 15    Int:  8    God:    Dithmenos [*.....]
Gold:   67         SH:  0    Dex: 17    Spells: 7/7 levels left

rFire   x . .        D - +5 falchion of Bloody Death {spect, rPois rF- rCorr}
rCold   . . .        (no shield)
rNeg    . . .        b - +0 leather armour
rPois   +            c - melded +0 helmet
rElec   .            (cloak currently unavailable)
rCorr   +            (gloves currently unavailable)
SInv    .            (boots currently unavailable)
Will    .....        i - amulet of faith
Stlth   ++           h - ring of resist corrosion
HPRegen 0.30/turn    (no ring)
MPRegen 0.11/turn

%: faith
@: beast-form, wreathed by umbra
A: beast (slay +2), (nimble swimmer 2), mertail
a: Begin Untransformation, Renounce Religion


You were on level 6 of the Dungeon.
You worshipped Dithmenos.
Dithmenos was aware of your devotion.
You were a hulking beast.
You visited 2 branches of the dungeon, and saw 7 of its levels.

You collected 299 gold pieces.
You spent 232 gold pieces at shops.

Inventory:

Hand Weapons
 a - a +0 long sword
 D - the +5 falchion of Bloody Death (weapon) {spect, rPois rF- rCorr}
   (You bought it in a shop on level 6 of the Dungeon)

   rF-:       It makes you vulnerable to fire.
   rPois:     It protects you from poison rCorr: It protects you from acid and
   corrosion.
Missiles
 d - a throwing net (quivered)
 e - 7 boomerangs
 v - a javelin
Armour
 b - a +0 leather armour (worn)
 c - a +0 helmet (melded)
 r - a +0 cloak
Jewellery
 h - a ring of resist corrosion (left hand)
 i - an amulet of faith (around neck)
 z - a ring of ice
 B - an amulet of magic regeneration
Talismans
 m - a beast talisman (active)
Wands
 t - a wand of charming (8)
 C - a wand of light (9)
Scrolls
 f - 2 scrolls of poison
 g - 2 scrolls of teleportation {unknown}
 k - a scroll of blinking {unknown}
 o - 3 scrolls of identify {unknown}
 w - a scroll of noise {unknown}
 y - a scroll of fear {unknown}
 A - a scroll of summoning {unknown}
Potions
 j - 2 potions of heal wounds {unknown}
 l - 2 potions of curing {unknown}
 n - a potion of mutation {unknown}
 p - a potion of cancellation {unknown}
 q - a potion of brilliance {unknown}
 u - a potion of magic {unknown}
 x - a potion of attraction {unknown}


   Skills:
 + Level 4.6 Fighting
 + Level 5.5(6.8) Short Blades
 + Level 6.1(7.1) Long Blades
 + Level 2.3 Throwing
 + Level 2.7 Armour
 * Level 7.3 Dodging
 + Level 2.7 Stealth
 + Level 4.2 Shapeshifting


You had 7 spell levels left.
You didn't know any spells.
Your spell library was empty.

Dungeon Overview and Level Annotations

Branches:
Dungeon (6/15)             Temple (1/1) D:6

Altars:
Ashenzari
Cheibriados
Dithmenos
Elyvilon
Fedhas
Gozag
Hepliaklqana
Makhleb
Nemelex Xobeh
Trog
Uskayaw
Vehumet
Wu Jian
Xom
Yredelemnul

Shops:
D:6 ((

Annotations:
D:4 1 transporter, Azoth's ghost, amateur DsGl


Innate Abilities, Weirdness & Mutations

You are a hulking beast.
Your limbs bulge with bestial killing power. (Slay +2)
((You are very nimble when in or above water. (Stealth+, EV+, Speed+++)))
Your lower body shifts to a powerful aquatic tail in water.


Message History

Dithmenos accepts your kill.
You are shrouded in an aura of darkness!
Items here: ))) [[[ †.
A phantom comes into view.
The orc wizard gestures at you while chanting.
The puff of flame hits you! The fire burns you terribly!
The phantom moves out of view.
The orc wizard gestures wildly while chanting.
The orc wizard flickers and vanishes!
Deactivating autopickup; reactivate with Ctrl-A.
The orc wizard shouts!
You hit something.
Your +5 falchion of Bloody Death {spect, rPois rF- rCorr} misses something.
You hear a bark!
You hear some strange, mumbled words.
A puff of flame appears from out of thin air!
The puff of flame hits you! The fire burns you terribly!
* * * LOW HITPOINT WARNING * * *
You swap places.
Your +5 falchion of Bloody Death {spect, rPois rF- rCorr} disappears.
Something hits you.
* * * LOW HITPOINT WARNING * * *
You blink.
The air fills with toxic fumes!
As you read the scroll labelled SEUN UGOUN, it crumbles to dust.
It was a scroll of poison.
The orc wizard casts a spell at you. The magic dart hits you.
* * * LOW HITPOINT WARNING * * *
You slash the orc wizard!
The orc wizard is severely wounded.
Your +5 falchion of Bloody Death {spect, rPois rF- rCorr} hits the orc wizard!
You kill the orc wizard!
Dithmenos accepts your kill.
You slash the phantom!
The phantom is moderately damaged.
Your +5 falchion of Bloody Death {spect, rPois rF- rCorr} closely misses the phantom.
The phantom barely misses you.
A puff of flame appears from out of thin air!
The puff of flame hits you! The fire burns you terribly!
You die...

#.###.. §§§§§ #....>.
#§§§# § ##..#.# §§§§#
#§§ ##...# ##§§§###§§#
+#..# ###§§h§§§§§# ##..
##.§§#§§§§§# ##.
##§§##§§(.### ##
§§§§§§§hW§§§## . ##.
§§§##§§§§§§§§# .#. ##..
..§§§§§§§§##§§# ...##...
§§§§§§§{.§§§..§# ##....
§§#####§######..###.....
#.#####§## #..#..###.
#.....§§§# ###.#......
########§#####>....#####
#.............#∩#


You could see a phantom, a hound and a friendly +5 falchion of Bloody Death
{spect, rPois rF- rCorr}.

Vanquished Creatures
  Pikel (D:5)
  Eustachio (D:5)
  An ice beast (D:5)
  An ogre (D:2)
  A phantom (D:5)
  A kobold brigand (D:4)
  A lemure (D:5)
  2 scorpions (D:5)
  4 hounds
  An orc priest (D:6)
  Crazy Yiuf (D:2)
  2 iguanas (D:5)
  4 orc wizards
  A sleepcap (D:5)
  3 gnolls (D:4)
  5 adders
  A white imp (D:5)
  2 ribbon worms (D:2)
  7 orcs
  3 bats
  4 endoplasms
  3 giant cockroaches
  7 goblins
  7 hobgoblins
  6 jackals
  8 kobolds
  3 quokkas
  7 ball pythons
  2 frilled lizards
  5 rats
95 creatures vanquished.

Notes
Turn   | Place    | Note
-------+----------+-------------------------------------------
     0 | D:1      | wildpjah the Merfolk Gladiator began the quest for the Orb.
     0 | D:1      | Reached XP level 1. HP: 16/16 MP: 1/1
   170 | D:1      | Reached XP level 2. HP: 23/23 MP: 2/2
   658 | D:2      | Reached XP level 3. HP: 28/28 MP: 3/3
   794 | D:2      | Noticed an ogre
   805 | D:2      | Killed an ogre
   806 | D:2      | Reached skill level 5 in Long Blades
   806 | D:2      | Reached skill level 1 in Armour
   806 | D:2      | Reached XP level 4. HP: 34/34 MP: 4/4
   806 | D:2      | Reached XP level 5. HP: 39/39 MP: 5/5
   923 | D:2      | Found a runed translucent door.
   924 | D:2      | Noticed Crazy Yiuf
  1173 | D:2      | Killed Crazy Yiuf
  1417 | D:3      | Identified the +9 short sword "Yhua" {freeze, ^Fragile
                  | rPois rCorr}
  1475 | D:3      | Reached skill level 5 in Dodging
  1651 | D:3      | Found a radiant altar of Vehumet.
  2030 | D:4      | Reached skill level 1 in Stealth
  2128 | D:4      | Noticed a kobold brigand
  2137 | D:4      | Reached XP level 6. HP: 47/47 MP: 6/6
  2142 | D:4      | Reached skill level 1 in Shapeshifting
  2204 | D:4      | Found a transporter.
  2206 | D:4      | Noticed Azoth's ghost (amateur DsGl)
  2623 | D:4      | Found a shadowy altar of Dithmenos.
  2631 | D:4      | Became a worshipper of Dithmenos the Shadowed
  2838 | D:5      | Entered Level 5 of the Dungeon
  2848 | D:5      | Reached skill level 1 in Short Blades
  2920 | D:5      | Reached XP level 7. HP: 46/52 MP: 7/7
  3015 | D:5      | Found a hazy altar of Hepliaklqana.
  3167 | D:5      | Reached skill level 6 in Dodging
  3473 | D:5      | Noticed Pikel
  3474 | D:5      | Noticed Eustachio
  3502 | D:5      | Killed Pikel
  3503 | D:5      | Reached skill level 5 in Short Blades
  3503 | D:5      | Reached skill level 7 in Dodging
  3503 | D:5      | Reached XP level 8. HP: 21/61 MP: 8/8
  3516 | D:5      | Killed Eustachio
  3924 | D:6      | Found a staircase to the Ecumenical Temple.
  3933 | Temple   | Entered the Ecumenical Temple
  3961 | D:6      | Found Beaduz's Antique Weapon Shoppe.
  3967 | D:6      | Bought a brightly glowing falchion for 232 gold pieces
  3967 | D:6      | Identified the +5 falchion of Bloody Death {spect, rPois
                  | rF- rCorr} (You bought it in a shop on level 6 of the
                  | Dungeon)
  3989 | D:6      | Found Jetwoy's Weapon Shoppe.
  4043 | D:6      | Reached * piety under Dithmenos
  4053 | D:6      | Killed from afar by an orc wizard

Illustrated notes

Levels and vault maps discovered:
D:1:      minmay_arrival_four_houses, layout_basic
D:2:      layout_rooms, minmay_box_of_dots, uniq_crazy_yiuf_cottage
D:3:      layout_loops_ring, amcnicky_altar_gilded,
          nicolae_concentric_dashed_squares_wild, kennysheep_doodads,
          patterned_corridor
D:4:      layout_basic, grunt_dithmenos_smoke, gammafunk_ghost_mausoleum
D:5:      layout_cave_pods, mainiacjoe_overflow_alcove_1, uniq_pikel,
          uniq_eustachio
D:6:      layout_rooms, grunt_qazlal_sundering, tso_metal_star,
          nicolae_overflow_crystal_walls, zin_scriptorium,
          minmay_temple_entry_trees, serial_shops,
          nicolae_shop_tiny_statue_garden, nicolae_shop_advertising_works
          [nicolae_subvault_shop_adworks], nicolae_shop_tiny_glass,
          nicolae_shop_statue_plus, kennysheep_little_box
Temple:   nicolae_temple_godzebo

Skill      XL: |  1  2  3  4  5  6  7  8 |
---------------+-------------------------+-----
Long Blades    | 4 5 6 |  6.1
Armour         | 1 2 |  2.7
Dodging        | 5 7 |  7.3
Stealth        | 1 2 |  2.7
Fighting       | 3 4 |  4.6
Shapeshifting  | 1 3 4 |  4.2
Short Blades   | 2 5 |  5.5
Throwing       | |  2.3

Action                     |  1- 3 |  4- 6 |  7- 9 || total
---------------------------+-------+-------+-------++-------
  Melee: Long sword        |    80 |    75 |       ||   155
         Short sword       |       |    56 |    63 ||   119
         Punch             |       |     2 |     1 ||     3
         Falchion          |       |       |    13 ||    13
  Throw: Throwing net      |     2 |     1 |     3 ||     6
         Javelin           |     1 |     1 |       ||     2
         Boomerang         |       |       |     1 ||     1
    Use: Scroll            |       |       |     1 ||     1
   Stab: Held in net/web   |       |     1 |     1 ||     2
         Sleeping          |       |     3 |       ||     3
 Armour: Leather armour    |    41 |    47 |    23 ||   111
  Dodge: Dodged            |    72 |    76 |    33 ||   181
   Form: Beast             |       |     1 |       ||     1

Table legend: (Time is in decaauts)
 A = Elapsed time spent in this place.
 B = Non-inter-level travel time spent in this place.
 C = Inter-level travel time spent in this place.
 D = Time resting spent in this place.
 E = Time spent auto-exploring this place.
 F = Levels seen in this place.
 G = Mean time per level.
                   A        B        C        D        E       F      G
               +--------+--------+--------+--------+--------+-----+--------+
         Total |   4049 |   3891 |    158 |      0 |   3126 |   7 |  578.4 |
       Dungeon |   4048 |   3890 |    158 |      0 |   3126 |   6 |  674.7 |
        Temple |      1 |      1 |      0 |      0 |      0 |   1 |    1.0 |
               +--------+--------+--------+--------+--------+-----+--------+

Top non-repeatable levels by time:
     D:5: 1065 daAuts
     D:3: 827 daAuts
     D:4: 805 daAuts
     D:1: 635 daAuts
     D:2: 587 daAuts
     D:6: 126 daAuts
  Temple: 1 daAuts
